 Dungeon Crawl Stone Soup version 0.25-a0-942-g87a53962fc (webtiles) character file.

Game seed: 18391047623395806115, levelgen mode: deterministic

30 Lanoc the Vexing (level 3, 0/33 HPs)
             Began as a Troll Enchanter on May 7, 2020.
             Slain by Crazy Yiuf
             ... wielding a +2 quarterstaff of chaos
              (7 damage)
             ... on level 2 of the Dungeon.
             The game lasted 00:02:04 (1119 turns).

Lanoc the Vexing (Troll Enchanter)                  Turns: 1119, Time: 00:02:05

Health: 0/33       AC: 13    Str: 16    XL:     3   Next: 3%
Magic:  3/3        EV: 15    Int: 12    God:
Gold:   60         SH:  0    Dex: 10    Spells: 1/4 levels left

rFire    . . .     SeeInvis .   f - +0 short sword (protect)
rCold    . . .     Gourm    +   (no shield)
rNeg     . . .     Faith    .   b - +0 robe
rPois    .         Spirit   .   g - +0 hat
rElec    .         Reflect  .   (no cloak)
rCorr    +         Harm     .   (gloves unavailable)
MR       .....                  (boots unavailable)
Stlth    ++........             (no amulet)
HPRegen  0.51/turn              h - ring of resist corrosion
MPRegen  0.08/turn              (no ring)

@: agile, lethally poisoned (0 -> 0), protection aura
A: large, unfitting armour, claws 3, fast metabolism 3, gourmand, regeneration
1, shaggy fur 1, tough skin 3
a: no special abilities


You were on level 2 of the Dungeon.
You were full.

You visited 1 branch of the dungeon, and saw 2 of its levels.

You collected 60 gold pieces.

Inventory:

Hand Weapons
 f - a +0 short sword of protection (weapon)
Armour
 b - a +0 robe (worn)
 g - a +0 hat (worn)
Jewellery
 h - a ring of resist corrosion (left claw)
Scrolls
 a - a scroll of teleportation {unknown}
 e - a scroll of magic mapping {unknown}
Comestibles
 d - 3 rations


   Skills:
 + Level 1.1 Fighting
 - Level 0.7 Short Blades
 + Level 2.1 Dodging
 - Level 1.5 Stealth
 - Level 1.2 Spellcasting
 + Level 2.2 Hexes


You had one spell level left.
You knew the following spells:

 Your Spells              Type           Power        Failure   Level  Hunger
a - Corona                Hex            #......      12%         1    ##.....
b - Ensorcelled Hibernat  Hex/Ice        #.....       28%         2    ###....

Your spell library contained the following spells:

 Spells                   Type           Power        Failure   Level  Hunger
 Animate Skeleton         Necr           N/A          30%         1    ##.....
 Apportation              Tloc           #.....       30%         1    ##.....
 Summon Small Mammal      Summ           #...         30%         1    ##.....
 Confusing Touch          Hex            #.......     34%         3    ####...
 Tukima's Dance           Hex            #.......     34%         3    ####...
 Dazzling Flash           Conj/Hex       #.....       50%         3    ####...


Dungeon Overview and Level Annotations

Branches:
Dungeon (2/15)

Altars:
Okawaru

Annotations:
D:2 Crazy Yiuf


Innate Abilities, Weirdness & Mutations

You are too large for most types of armour.
You have claws for hands.
Your metabolism is lightning-fast.
You like to eat raw meat.
Your natural rate of healing is unusually fast.
You are covered in fur. (AC +1)
You have extremely tough skin. (AC +3)


Message History

Crazy Yiuf cries, "Nubble infinity arga!"
Crazy Yiuf hits you with a +2 quarterstaff of chaos.
* * * LOW HITPOINT WARNING * * *
You are poisoned.
You closely miss Crazy Yiuf.
Crazy Yiuf is severely wounded.
You feel sick. Crazy Yiuf hits you but does no damage.
You barely miss Crazy Yiuf.
Crazy Yiuf is severely wounded.
You feel sick. Crazy Yiuf barely misses you.
You barely miss Crazy Yiuf.
Crazy Yiuf is severely wounded.
Crazy Yiuf whimpers, "Tonal poople return to song!"
Crazy Yiuf closely misses you.
You hit Crazy Yiuf.
Your weapon exudes an aura of protection.
Crazy Yiuf is severely wounded.
You feel sick.
Crazy Yiuf hits you with a +2 quarterstaff of chaos!
You die...

#####
#)..#
#...#
#.g.#
#@#
#.##
##.#
#.##
##.#
##.##
##...#
#....#
#....#


You could see Crazy Yiuf.

Vanquished Creatures
  2 leopard geckos (D:2)
  2 goblins
  4 hobgoblins
  A quokka (D:2)
  5 bats
  3 frilled lizards
  4 kobolds
  7 rats
28 creatures vanquished.

Notes
Turn   | Place    | Note
-------+----------+-------------------------------------------
     0 | D:1      | Lanoc the Troll Enchanter began the quest for the Orb.
     0 | D:1      | Reached XP level 1. HP: 16/16 MP: 1/1
   345 | D:1      | Reached XP level 2. HP: 9/26 MP: 2/2
   351 | D:1      | Learned a level 2 spell: Ensorcelled Hibernation
   821 | D:2      | Reached skill level 1 in Fighting
  1050 | D:2      | Reached XP level 3. HP: 33/33 MP: 3/3
  1054 | D:2      | Found an iron altar of Okawaru.
  1091 | D:2      | Found a runed translucent door.
  1093 | D:2      | Noticed Crazy Yiuf
  1119 | D:2      | Slain by Crazy Yiuf

Levels and vault maps discovered:
D:1:      lemuel_arrival_muddy, layout_basic, roderic_lattice_a, st_stairs_6
D:2:      layout_loops_ring, nicolae_overflow_crystal_walls,
          overflow_temple_1_default, first_ration,
          hangedman_abyss_or_decor_lesser_grid, uniq_terence,
          uniq_crazy_yiuf_cottage

Skill      XL: |  1  2 |
---------------+-------+-----
Dodging        | 2 |  2.1
Fighting       | 1 |  1.1
Short Blades   | |  0.7
Stealth        | |  1.5
Spellcasting   | |  1.2
Hexes          | |  2.2

Action                   || total
-------------------------++-------
Melee: Dagger            ||    44
       Short sword       ||    85
  Use: Potion            ||     2
 Stab: Sleeping          ||     2
  Eat: Chunk             ||    13
Armor: Robe              ||    58
Dodge: Dodged            ||    80

Table legend:
 A = Non-vault XP
 B = Vault XP
 C = Vault XP percentage of total XP
 D = Non-vault monster count
 E = Vault monster count
 F = Vault count percentage of total count
                 A         B        C        D         E       F
            +---------+---------+-------+---------+---------+-------
      Total |      42 |       1 |   2.3 |      27 |       1 |   3.6
            +---------+---------+-------+---------+---------+-------
        D:1 |      15 |       1 |   6.2 |      11 |       1 |   8.3
        D:2 |      27 |       0 |   0.0 |      16 |       0 |   0.0
            +---------+---------+-------+---------+---------+-------
